Kings vs Islanders

Created - 23 avril 2024 at 13:40

Goals
1 2 3 OT1 SO T
Kings 1 2 0 0 1 3
Islanders 0 3 0 0 2 4
Shots
1 2 3 OT1 SO T
Kings 7 20 6 2 3 35
Islanders 11 19 10 2 2 42

GoalsPenalties
1st period
1. Kings , Tage Thompson 25 (Artemi Panarin 43, Jonas Brodin 26) at 6:34 (PP)
Jason Zucker (NYI) for Slashing (Minor) at 4:40
Christian Fischer (LAK) for Slashing (Minor) at 12:15
Jonas Brodin (LAK) for Roughing (Minor) at 17:48
2nd period
2. Islanders , Jean-Gabriel Pageau 14 (Johnny Gaudreau 34, Rickard Rakell 32) at 0:41
3. Islanders , Jason Zucker 14 (Jordan Staal 20, James van Riemsdyk 17) at 12:07
4. Islanders , Jesper Fast 7 (Jason Dickinson 14) at 14:17
5. Kings , Tage Thompson 26 (Artemi Panarin 44, Alex Goligoski 24) at 17:37
6. Kings , Jordan Eberle 11 (Alex Ovechkin 46, Tomas Hertl 57) at 19:08
Artemi Panarin (LAK) for Cross-checking (Minor) at 0:56
Rickard Rakell (NYI) for Hooking (Minor) at 0:00
3rd period
No Goal
Tomas Hertl (LAK) for High sticking (Minor) at 12:05
Overtime #1
No Goal
Shootout
Kings, Tage Thompson - Stopped by Laurent Brossoit
Islanders, James van Riemsdyk - Goal!
Kings, Jeff Carter - Goal!
Islanders, Frank Vatrano - Goal!
Kings, Tomas Hertl - Shot Misses the Net
Goalie Stats
Alexandar Georgiev (LAK), 39 saves from 42 shots - (0,929), OTL, 35-20-5, 65:00 minutes
Laurent Brossoit (NYI), 32 saves from 35 shots - (0,914), W, 11-7-6, 65:00 minutes
3 StarsOfficial
1 - Tage Thompson (LAK)
2 - Jean-Gabriel Pageau (NYI)
3 - Jesper Fast (NYI)
Referees : Terry Koharski and Peter MacDougall
Linesman : Greg Devorski and Libor Suchanek
Game Note
No Game Note
Finance
Level 1 -- Attendance: 5996 (99,93%) -- Ticket Income $599,600
Level 2 -- Attendance: 4424 (88,48%) -- Ticket Income $265,440
Level 3 -- Attendance: 1811 (90,55%) -- Ticket Income $63,385
Level 4 -- Attendance: 3803 (95,08%) -- Ticket Income $76,060
Luxury Box -- Attendance: 1000 (100,00%) -- Ticket Income $200,000
Game was played at the Long Island Arena.
Total Attendance: 17034 (94,63%)
Total Ticket Income: $1,204,485
Other Income: $590,198
Total Income: $1,794,683



Team Name Goals Shots Shots Attemp Shots Blocked PIM HIT PP PK FO%
Kings 33563198291 / 2 (50%)045%
Islanders 44288114160 / 4 (0%)155%

Kings
Player Name POS G A P +/- PIM HIT SHT SB MP PP MP PP SHT PK MP PK SHT FO% FOT GA TA
Alex GoligoskiD0110032523:100:5704:1800% 011
Alex OvechkinLW/RW011-1015022:541:2301:21080% 510
Anthony RichardC/LW000000006:550:0000:0000% 010
Artemi PanarinLW/RW0220212017:312:3100:0000% 120
Brian DumoulinD000-2020225:182:5700:2600% 001
Carl GrundstromLW/RW000002309:430:0000:3700% 000
Christian FischerC/RW0000211012:090:0003:0000% 001
Jayson MegnaC/RW0000002010:010:0002:3310% 200
Jeff CarterC/RW0000031220:182:3112:52025% 400
Jonas BrodinD011-2212129:012:5703:1200% 002
Jordan EberleC/RW101-1022219:411:2300:00050% 200
Joshua BrownD0001010111:470:0000:2600% 001
Milan LucicLW000001008:480:0000:0000% 000
Olli MaattaD0000010219:530:5702:5100% 001
Sean KuralyC/LW0000031113:510:0003:58045% 1102
Tage ThompsonC/LW/RW2020006116:422:3120:00039% 1810
Tomas HertlC/LW/RW011-1257123:161:2301:31050% 2400
Trevor van RiemsdykD0001021116:020:0004:3900% 010
Islanders
Player Name POS G A P +/- PIM HIT SHT SB MP PP MP PP SHT PK MP PK SHT FO% FOT GA TA
Alexandre CarrierD0002020118:442:5500:0000% 000
Brady SkjeiD0000011422:065:0100:0000% 010
Brent BurnsRW/D000-1001126:225:0101:2900% 011
Brock NelsonC/LW0000007021:104:4120:00052% 2111
Frank VatranoC/LW/RW0000042019:404:4100:0000% 110
Ian ColeD000-1023119:290:0002:2500% 001
James van RiemsdykLW011-1001010:270:0300:0000% 000
Jason DickinsonC/LW0111004010:090:0002:04067% 900
Jason ZuckerLW/RW101-1222010:430:0300:0000% 100
Jean-Gabriel PageauC/LW/RW1011002120:513:1201:10060% 2501
Jesper FastLW/RW101100208:550:0000:4000% 020
Joel EdmundsonD0002000017:280:0001:2900% 000
Johnny GaudreauLW0111004019:493:1500:0000% 111
Jordan StaalC/LW011-1001013:290:0001:10060% 500
Morgan BarronC/LW/RW000100019:490:0002:0400% 010
Nick SchmaltzC/LW/RW0000008021:384:4110:400100% 200
Rickard RakellLW/RW0111234019:133:1200:0000% 211
William BorgenD0000020221:032:5502:2500% 001

Kings

5 vs 5 Forward
Line #Left WingCenterRight WingPHYDFOFWanted %Time %Time Play
1Alex OvechkinTomas HertlJordan Eberle0143839%18:56
2Artemi PanarinTage ThompsonJeff Carter0233229%13:54
3Milan LucicSean KuralyChristian Fischer1132217%8:25
4Anthony RichardJayson MegnaCarl Grundstrom122814%6:55
5 vs 5 Defense
Line #DefenseDefensePHYDFOFWanted %Time %Time Play
1Jonas BrodinBrian Dumoulin1314043%20:54
2Alex GoligoskiOlli Maatta1313533%15:57
3Trevor van RiemsdykJoshua Brown1402523%11:19
4Jonas BrodinBrian Dumoulin12200%0:00
Power Play Forward
Line #Left WingCenterRight WingPHYDFOFWanted %Time %Time Play
1Alex OvechkinTomas HertlJordan Eberle0056035%1:23
2Artemi PanarinTage ThompsonJeff Carter0054065%2:31
Power Play Defense
Line #DefenseDefensePHYDFOFWanted %Time %Time Play
1Jonas BrodinBrian Dumoulin0146076%2:57
2Alex GoligoskiOlli Maatta0144024%0:57
Penalty Kill 4 Players Forward
Line #CenterWingPHYDFOFWanted %Time %Time Play
1Sean KuralyChristian Fischer1406068%5:23
2Jeff CarterJayson Megna1404032%2:33
Penalty Kill 4 Players Defense
Line #DefenseDefensePHYDFOFWanted %Time %Time Play
1Trevor van RiemsdykJonas Brodin1406064%5:05
2Alex GoligoskiOlli Maatta1404036%2:51
Penalty Kill 3 Players
Line #WingPHYDFOFWanted %Time %Time PlayDefenseDefensePHYDFOFWanted %Time %Time Play
1Sean Kuraly140600%0:00 Jonas BrodinBrian Dumoulin140600%0:00
2Jeff Carter140400%0:00 Alex GoligoskiOlli Maatta140400%0:00
4 vs 4 Forward
Line #CenterWingPHYDFOFWanted %Time %Time Play
1Tomas HertlAlex Ovechkin014600%0:00
2Tage ThompsonJordan Eberle014400%0:00
4 vs 4 Defense
Line #DefensePHYDFOFWanted %Time %Time Play
1Jonas BrodinTrevor van Riemsdyk122600%0:00
2Alex GoligoskiOlli Maatta122400%0:00
Last Minutes Offensive
Left WingCenterRight WingDefenseDefense
Alex OvechkinTomas HertlArtemi PanarinJonas BrodinBrian Dumoulin
Last Minutes Defensive
Left WingCenterRight WingDefenseDefense
Sean KuralyJeff CarterJayson MegnaJonas BrodinBrian Dumoulin
Time
Total ForwardTotal DefenseLast Minutes OffensiveLast Minutes Defensive
60:00 60:00 0:000:00
Extra Forwards
Normal PowerPlayPenalty Kill
Carl Grundstrom, Tomas Hertl, Jeff CarterTomas Hertl, Carl GrundstromTomas Hertl
Extra Defensemen
Normal PowerPlayPenalty Kill
Trevor van Riemsdyk, Jonas Brodin, Olli MaattaTrevor van Riemsdyk, Alex GoligoskiJonas Brodin
Penalty Shots
Tage Thompson, Jeff Carter, Tomas Hertl, Alex Ovechkin, Carl Grundstrom
Goalie
Alexandar Georgiev, Martin Jones
Custom OT Lines Forwards
Alex Ovechkin, Artemi Panarin, Tomas Hertl, Carl Grundstrom, Jeff Carter, Tage Thompson, Sean Kuraly, Jordan Eberle, Christian Fischer, Milan Lucic
Custom OT Lines Defensemen
Jonas Brodin, Alex Goligoski, Brian Dumoulin, Olli Maatta, Trevor van Riemsdyk
Scratches
Rudolfs Balcers (Healthy), Matt Irwin (Healthy)

Islanders

5 vs 5 Forward
Line #Left WingCenterRight WingPHYDFOFWanted %Time %Time Play
1Frank VatranoBrock NelsonNick Schmaltz0233431%15:06
2Johnny GaudreauJean-Gabriel PageauRickard Rakell0233431%14:55
3James van RiemsdykJordan StaalJason Zucker0232622%10:24
4Morgan BarronJason DickinsonJesper Fast023616%7:45
5 vs 5 Defense
Line #DefenseDefensePHYDFOFWanted %Time %Time Play
1Ian ColeBrent Burns1313535%16:52
2Brady SkjeiWilliam Borgen1313331%15:05
3Joel EdmundsonAlexandre Carrier1313233%15:54
4Brady SkjeiBrent Burns12201%0:19
Power Play Forward
Line #Left WingCenterRight WingPHYDFOFWanted %Time %Time Play
1Frank VatranoBrock NelsonNick Schmaltz0055059%4:41
2Johnny GaudreauJean-Gabriel PageauRickard Rakell0055041%3:15
Power Play Defense
Line #DefenseDefensePHYDFOFWanted %Time %Time Play
1Brady SkjeiBrent Burns0057063%5:01
2Alexandre CarrierWilliam Borgen0053037%2:55
Penalty Kill 4 Players Forward
Line #CenterWingPHYDFOFWanted %Time %Time Play
1Jason DickinsonMorgan Barron0506070%2:44
2Jordan StaalJean-Gabriel Pageau0504030%1:10
Penalty Kill 4 Players Defense
Line #DefenseDefensePHYDFOFWanted %Time %Time Play
1Ian ColeWilliam Borgen1406062%2:25
2Joel EdmundsonBrent Burns1404038%1:29
Penalty Kill 3 Players
Line #WingPHYDFOFWanted %Time %Time PlayDefenseDefensePHYDFOFWanted %Time %Time Play
1Jason Dickinson050600%0:00 Ian ColeWilliam Borgen140600%0:00
2Jean-Gabriel Pageau050400%0:00 Joel EdmundsonBrent Burns140400%0:00
4 vs 4 Forward
Line #CenterWingPHYDFOFWanted %Time %Time Play
1Brock NelsonNick Schmaltz023500%0:00
2Jean-Gabriel PageauRickard Rakell023500%0:00
4 vs 4 Defense
Line #DefensePHYDFOFWanted %Time %Time Play
1Ian ColeBrent Burns131500%0:00
2Brady SkjeiWilliam Borgen131500%0:00
Last Minutes Offensive
Left WingCenterRight WingDefenseDefense
Frank VatranoBrock NelsonNick SchmaltzBrady SkjeiBrent Burns
Last Minutes Defensive
Left WingCenterRight WingDefenseDefense
Jason DickinsonJordan StaalJean-Gabriel PageauIan ColeWilliam Borgen
Time
Total ForwardTotal DefenseLast Minutes OffensiveLast Minutes Defensive
60:00 60:00 0:000:00
Extra Forwards
Normal PowerPlayPenalty Kill
Brock Nelson, Jean-Gabriel Pageau, Jordan StaalJason Zucker, James van RiemsdykJesper Fast
Extra Defensemen
Normal PowerPlayPenalty Kill
Brent Burns, Brady Skjei, Alexandre CarrierJoel Edmundson, Brady SkjeiAlexandre Carrier
Penalty Shots
James van Riemsdyk, Frank Vatrano, Rickard Rakell, Brock Nelson, Nick Schmaltz
Goalie
Laurent Brossoit, Scott Wedgewood
Custom OT Lines Forwards
Brock Nelson, Johnny Gaudreau, Jean-Gabriel Pageau, Nick Schmaltz, Jordan Staal, Rickard Rakell, Jason Dickinson, Frank Vatrano, James van Riemsdyk, Jason Zucker
Custom OT Lines Defensemen
Brent Burns, Brady Skjei, Ian Cole, William Borgen, Alexandre Carrier
Scratches
Tomas Nosek (Healthy), Colin Miller (Healthy)


Play-by-Play

1st period


0:01 of 1st period - Tomas Hertl wins face-off versus Brock Nelson in neutral zone.
0:57 of 1st period - Wrist shot by James van Riemsdyk.
0:57 of 1st period - Stopped by Alexandar Georgiev without a rebound.
0:58 of 1st period - Jason Dickinson wins face-off versus Sean Kuraly in Kings zone.
1:13 of 1st period - Snap shot by Sean Kuraly.
1:13 of 1st period - Shot Misses the Net.
1:55 of 1st period - Wrist shot by Jason Dickinson.
1:55 of 1st period - Stopped by Alexandar Georgiev without a rebound.
1:56 of 1st period - Sean Kuraly wins face-off versus Brock Nelson in Kings zone.
1:56 of 1st period - Sean Kuraly is hit by Frank Vatrano.
2:22 of 1st period - Alexandre Carrier is hit by Jeff Carter and loses puck.
2:39 of 1st period - Snap shot by Brock Nelson.
2:39 of 1st period - Stopped by Alexandar Georgiev without a rebound.
2:40 of 1st period - Tomas Hertl wins face-off versus Jean-Gabriel Pageau in Kings zone.
3:13 of 1st period - Snap shot by James van Riemsdyk.
3:13 of 1st period - Shot Blocked by Alex Goligoski.
3:27 of 1st period - Wrist shot by Artemi Panarin.
3:27 of 1st period - Shot Misses the Net.
3:47 of 1st period - Milan Lucic is hit by Ian Cole and loses puck.
3:58 of 1st period - Snap shot by Sean Kuraly.
3:58 of 1st period - Deflect By Christian Fischer.
3:58 of 1st period - Stopped by Laurent Brossoit with a rebound.
4:10 of 1st period - Joel Edmundson is hit by Brian Dumoulin and loses puck.
4:17 of 1st period - Snap shot by Tomas Hertl.
4:17 of 1st period - Stopped by Laurent Brossoit without a rebound.
4:18 of 1st period - Jordan Eberle wins face-off versus Jordan Staal in Islanders zone.
4:27 of 1st period - Snap shot by Jason Zucker.
4:27 of 1st period - Shot Misses the Net.
4:40 of 1st period - Minor Penalty to Jason Zucker for Slashing.
4:41 of 1st period - Tomas Hertl wins face-off versus Jason Dickinson in Islanders zone.
4:54 of 1st period - Snap shot by Alex Ovechkin.
4:54 of 1st period - Shot Misses the Net.
5:13 of 1st period - Icing by Artemi Panarin.
5:14 of 1st period - Tage Thompson wins face-off versus Jordan Staal in Kings zone.
5:31 of 1st period - Snap shot by Tage Thompson.
5:31 of 1st period - Shot Blocked by Jean-Gabriel Pageau.
5:33 of 1st period - Snap shot by Jonas Brodin.
5:33 of 1st period - Shot Misses the Net.
5:56 of 1st period - Icing by Artemi Panarin.
5:57 of 1st period - Tage Thompson wins face-off versus Jason Dickinson in Kings zone.
6:10 of 1st period - Slapshot by Artemi Panarin.
6:10 of 1st period - Shot Misses the Net.
6:20 of 1st period - Wrist shot by Tage Thompson.
6:20 of 1st period - Stopped by Laurent Brossoit with a rebound.
6:22 of 1st period - Wrist shot by Jeff Carter.
6:22 of 1st period - Stopped by Laurent Brossoit with a rebound.
6:24 of 1st period - Wrist shot by Brian Dumoulin.
6:24 of 1st period - Shot Blocked by Ian Cole.
6:34 of 1st period - Snap shot by Tage Thompson.
6:34 of 1st period - Goal by Tage Thompson - Kings : 1 - Islanders : 0.
6:35 of 1st period - Tomas Hertl wins face-off versus Jean-Gabriel Pageau in neutral zone.
6:46 of 1st period - Wrist shot by Tomas Hertl.
6:46 of 1st period - Stopped by Laurent Brossoit with a rebound.
7:11 of 1st period - Ian Cole is hit by Sean Kuraly and loses puck.
7:26 of 1st period - Joshua Brown is hit by Jason Zucker and loses puck.
8:47 of 1st period - Jason Zucker is hit by Trevor van Riemsdyk and loses puck.
9:24 of 1st period - Wrist shot by Rickard Rakell.
9:24 of 1st period - Stopped by Alexandar Georgiev with a rebound.
9:42 of 1st period - Wrist shot by Jason Dickinson.
9:42 of 1st period - Stopped by Alexandar Georgiev without a rebound.
9:43 of 1st period - Brock Nelson wins face-off versus Tage Thompson in Kings zone.
9:54 of 1st period - Slapshot by Nick Schmaltz.
9:54 of 1st period - Shot Misses the Net.
10:18 of 1st period - Snap shot by Alex Ovechkin.
10:18 of 1st period - Shot Misses the Net.
10:38 of 1st period - Snap shot by Jason Zucker.
10:38 of 1st period - Stopped by Alexandar Georgiev with a rebound.
10:47 of 1st period - James van Riemsdyk is hit by Alex Goligoski and loses puck.
10:59 of 1st period - Backhand shot by Brent Burns.
10:59 of 1st period - Stopped by Alexandar Georgiev with a rebound.
11:01 of 1st period - Snap shot by Frank Vatrano.
11:01 of 1st period - Shot Misses the Net.
11:03 of 1st period - Slapshot by Brent Burns.
11:03 of 1st period - Shot Blocked by Alex Goligoski.
11:05 of 1st period - Wrist shot by Frank Vatrano.
11:05 of 1st period - Stopped by Alexandar Georgiev with a rebound.
11:07 of 1st period - Snap shot by Frank Vatrano.
11:07 of 1st period - Shot Misses the Net.
11:41 of 1st period - Olli Maatta is hit by Alexandre Carrier and loses puck.
12:08 of 1st period - Christian Fischer is hit by Brady Skjei and loses puck.
12:15 of 1st period - Minor Penalty to Christian Fischer for Slashing.
12:16 of 1st period - Brock Nelson wins face-off versus Sean Kuraly in Kings zone.
12:25 of 1st period - Wrist shot by Nick Schmaltz.
12:25 of 1st period - Shot Misses the Net.
13:29 of 1st period - Brady Skjei is hit by Carl Grundstrom and loses puck.
14:15 of 1st period - Penalty to Christian Fischer is over, Christian Fischer is back on ice.
14:22 of 1st period - Snap shot by James van Riemsdyk.
14:22 of 1st period - Shot Misses the Net.
14:40 of 1st period - Jason Dickinson is hit by Milan Lucic and loses puck.
15:33 of 1st period - Snap shot by Carl Grundstrom.
15:33 of 1st period - Shot Misses the Net.
16:45 of 1st period - Joel Edmundson is hit by Tomas Hertl and loses puck.
16:56 of 1st period - Trevor van Riemsdyk is hit by Frank Vatrano and loses puck.
17:28 of 1st period - Snap shot by Carl Grundstrom.
17:28 of 1st period - Stopped by Laurent Brossoit with a rebound.
17:30 of 1st period - Snap shot by Jayson Megna.
17:30 of 1st period - Shot Misses the Net.
17:48 of 1st period - Minor Penalty to Jonas Brodin for Roughing.
17:49 of 1st period - Jean-Gabriel Pageau wins face-off versus Sean Kuraly in Kings zone.
18:16 of 1st period - Slapshot by Nick Schmaltz.
18:16 of 1st period - Shot Misses the Net.
18:18 of 1st period - Slapshot by William Borgen.
18:18 of 1st period - Deflect By Brock Nelson.
18:18 of 1st period - Stopped by Alexandar Georgiev with a rebound.
18:20 of 1st period - Snap shot by Frank Vatrano.
18:20 of 1st period - Deflect By Nick Schmaltz.
18:20 of 1st period - Shot Blocked by Alex Goligoski.
18:20 of 1st period - Puck is out of play.
18:21 of 1st period - Jeff Carter wins face-off versus Brock Nelson in Kings zone.
18:32 of 1st period - Snap shot by Nick Schmaltz.
18:32 of 1st period - Shot Blocked by Trevor van Riemsdyk.
18:34 of 1st period - Snap shot by Nick Schmaltz.
18:34 of 1st period - Deflect By Brock Nelson.
18:34 of 1st period - Shot Blocked by Alex Goligoski.
18:34 of 1st period - Puck is out of play.
18:35 of 1st period - Sean Kuraly wins face-off versus Johnny Gaudreau in Kings zone.
19:09 of 1st period - Off-side.
19:10 of 1st period - Brock Nelson wins face-off versus Jeff Carter in neutral zone.
19:19 of 1st period - Wrist shot by Brock Nelson.
19:19 of 1st period - Stopped by Alexandar Georgiev with a rebound.
19:21 of 1st period - Slapshot by Nick Schmaltz.
19:21 of 1st period - Stopped by Alexandar Georgiev without a rebound.
19:22 of 1st period - Jean-Gabriel Pageau wins face-off versus Sean Kuraly in Kings zone.
19:48 of 1st period - Penalty to Jonas Brodin is over, Jonas Brodin is back on ice.
Goals for this period are 1 for Kings vs 0 for Islanders.
Shots for this period are 7 for Kings vs 11 for Islanders.

2nd period


0:01 of 2nd period - Tomas Hertl wins face-off versus Jean-Gabriel Pageau in neutral zone.
0:08 of 2nd period - Snap shot by Tomas Hertl.
0:08 of 2nd period - Stopped by Laurent Brossoit without a rebound.
0:09 of 2nd period - Tomas Hertl wins face-off versus Jean-Gabriel Pageau in Islanders zone.
0:33 of 2nd period - Wrist shot by Rickard Rakell.
0:33 of 2nd period - Shot Misses the Net.
0:35 of 2nd period - Snap shot by Rickard Rakell.
0:35 of 2nd period - Shot Blocked by Jordan Eberle.
0:37 of 2nd period - Snap shot by Johnny Gaudreau.
0:37 of 2nd period - Stopped by Alexandar Georgiev with a rebound.
0:39 of 2nd period - Wrist shot by Rickard Rakell.
0:39 of 2nd period - Stopped by Alexandar Georgiev with a rebound.
0:41 of 2nd period - Snap shot by Johnny Gaudreau.
0:41 of 2nd period - Deflect By Jean-Gabriel Pageau.
0:41 of 2nd period - Goal by Jean-Gabriel Pageau - Kings : 1 - Islanders : 1.
0:42 of 2nd period - Tage Thompson wins face-off versus Brock Nelson in neutral zone.
0:56 of 2nd period - Minor Penalty to Artemi Panarin for Cross-checking.
0:57 of 2nd period - Sean Kuraly wins face-off versus Frank Vatrano in Kings zone.
2:56 of 2nd period - Penalty to Artemi Panarin is over, Artemi Panarin is back on ice.
3:09 of 2nd period - William Borgen is hit by Jeff Carter and loses puck.
3:29 of 2nd period - Brent Burns is hit by Tomas Hertl and loses puck.
3:59 of 2nd period - Icing by Ian Cole.
4:00 of 2nd period - Tage Thompson wins face-off versus Jason Zucker in Islanders zone.
4:30 of 2nd period - Brian Dumoulin is hit by William Borgen and loses puck.
4:39 of 2nd period - Brock Nelson is hit by Jonas Brodin.
4:49 of 2nd period - Wrist shot by Carl Grundstrom.
4:49 of 2nd period - Stopped by Laurent Brossoit with a rebound.
5:17 of 2nd period - Joel Edmundson is hit by Christian Fischer and loses puck.
5:32 of 2nd period - Slapshot by Johnny Gaudreau.
5:32 of 2nd period - Shot Blocked by Tage Thompson.
5:34 of 2nd period - Slapshot by Alexandre Carrier.
5:34 of 2nd period - Shot Misses the Net.
5:56 of 2nd period - Brian Dumoulin is hit by Jason Zucker and loses puck.
6:15 of 2nd period - Snap shot by Jayson Megna.
6:15 of 2nd period - Stopped by Laurent Brossoit with a rebound.
6:22 of 2nd period - Icing by Jesper Fast.
6:23 of 2nd period - Jason Dickinson wins face-off versus Tomas Hertl in Islanders zone.
6:23 of 2nd period - Jason Dickinson is hit by Alex Ovechkin.
6:28 of 2nd period - Off-side.
6:29 of 2nd period - Jean-Gabriel Pageau wins face-off versus Tomas Hertl in neutral zone.
6:41 of 2nd period - Wrist shot by Alex Ovechkin.
6:41 of 2nd period - Stopped by Laurent Brossoit without a rebound.
6:42 of 2nd period - Tomas Hertl wins face-off versus Jean-Gabriel Pageau in Islanders zone.
6:59 of 2nd period - Backhand shot by Tomas Hertl.
6:59 of 2nd period - Stopped by Laurent Brossoit without a rebound.
7:00 of 2nd period - Brock Nelson wins face-off versus Tage Thompson in Islanders zone.
7:09 of 2nd period - Slapshot by Nick Schmaltz.
7:09 of 2nd period - Shot Misses the Net.
7:11 of 2nd period - Snap shot by Frank Vatrano.
7:11 of 2nd period - Shot Misses the Net.
7:13 of 2nd period - Snap shot by Brock Nelson.
7:13 of 2nd period - Stopped by Alexandar Georgiev with a rebound.
7:15 of 2nd period - Wrist shot by Frank Vatrano.
7:15 of 2nd period - Stopped by Alexandar Georgiev without a rebound.
7:16 of 2nd period - Alex Ovechkin wins face-off versus Jean-Gabriel Pageau in Kings zone.
7:16 of 2nd period - Alex Ovechkin is hit by William Borgen.
7:24 of 2nd period - Slapshot by Alex Goligoski.
7:24 of 2nd period - Stopped by Laurent Brossoit with a rebound.
7:26 of 2nd period - Wrist shot by Alex Ovechkin.
7:26 of 2nd period - Shot Misses the Net.
7:28 of 2nd period - Wrist shot by Olli Maatta.
7:28 of 2nd period - Shot Blocked by Brady Skjei.
7:30 of 2nd period - Snap shot by Jordan Eberle.
7:30 of 2nd period - Shot Blocked by Brady Skjei.
7:32 of 2nd period - Slapshot by Alex Ovechkin.
7:32 of 2nd period - Stopped by Laurent Brossoit without a rebound.
7:33 of 2nd period - Brock Nelson wins face-off versus Tage Thompson in Islanders zone.
7:40 of 2nd period - Jeff Carter is hit by Frank Vatrano.
7:41 of 2nd period - Icing by Jeff Carter.
7:42 of 2nd period - Nick Schmaltz wins face-off versus Jeff Carter in Kings zone.
7:43 of 2nd period - Wrist shot by Brock Nelson.
7:43 of 2nd period - Shot Misses the Net.
7:51 of 2nd period - Wrist shot by Nick Schmaltz.
7:51 of 2nd period - Stopped by Alexandar Georgiev without a rebound.
7:52 of 2nd period - Jean-Gabriel Pageau wins face-off versus Alex Ovechkin in Kings zone.
7:53 of 2nd period - Wrist shot by Johnny Gaudreau.
7:53 of 2nd period - Stopped by Alexandar Georgiev without a rebound.
7:54 of 2nd period - Alex Ovechkin wins face-off versus Rickard Rakell in Kings zone.
7:59 of 2nd period - Snap shot by Alex Goligoski.
7:59 of 2nd period - Stopped by Laurent Brossoit with a rebound.
8:01 of 2nd period - Snap shot by Tomas Hertl.
8:01 of 2nd period - Shot Misses the Net.
8:10 of 2nd period - Slapshot by Tomas Hertl.
8:10 of 2nd period - Stopped by Laurent Brossoit with a rebound.
8:28 of 2nd period - Slapshot by Nick Schmaltz.
8:28 of 2nd period - Stopped by Alexandar Georgiev without a rebound.
8:29 of 2nd period - Nick Schmaltz wins face-off versus Tomas Hertl in Kings zone.
8:57 of 2nd period - Backhand shot by Rickard Rakell.
8:57 of 2nd period - Shot Misses the Net.
9:04 of 2nd period - Off-side.
9:05 of 2nd period - Sean Kuraly wins face-off versus Brock Nelson in neutral zone.
9:57 of 2nd period - Wrist shot by James van Riemsdyk.
9:57 of 2nd period - Shot Blocked by Joshua Brown.
9:59 of 2nd period - Snap shot by James van Riemsdyk.
9:59 of 2nd period - Shot Blocked by Jeff Carter.
10:09 of 2nd period - Icing by James van Riemsdyk.
10:10 of 2nd period - Jordan Staal wins face-off versus Tomas Hertl in Islanders zone.
10:49 of 2nd period - Ian Cole is hit by Artemi Panarin.
11:43 of 2nd period - Snap shot by Tomas Hertl.
11:43 of 2nd period - Stopped by Laurent Brossoit with a rebound.
12:07 of 2nd period - Wrist shot by Jason Zucker.
12:07 of 2nd period - Goal by Jason Zucker - Kings : 1 - Islanders : 2.
12:08 of 2nd period - Tomas Hertl wins face-off versus Brock Nelson in neutral zone.
12:35 of 2nd period - Artemi Panarin is hit by Rickard Rakell and loses puck.
12:44 of 2nd period - Snap shot by Tage Thompson.
12:44 of 2nd period - Stopped by Laurent Brossoit with a rebound.
13:23 of 2nd period - Snap shot by Christian Fischer.
13:23 of 2nd period - Deflect By Sean Kuraly.
13:23 of 2nd period - Stopped by Laurent Brossoit without a rebound.
13:24 of 2nd period - Tomas Hertl wins face-off versus Jason Dickinson in Islanders zone.
13:25 of 2nd period - Snap shot by Alex Ovechkin.
13:25 of 2nd period - Stopped by Laurent Brossoit with a rebound.
13:55 of 2nd period - Snap shot by Jason Dickinson.
13:55 of 2nd period - Stopped by Alexandar Georgiev with a rebound.
14:15 of 2nd period - Slapshot by Jesper Fast.
14:15 of 2nd period - Shot Misses the Net.
14:17 of 2nd period - Snap shot by Jesper Fast.
14:17 of 2nd period - Goal by Jesper Fast - Kings : 1 - Islanders : 3.
14:18 of 2nd period - Brock Nelson wins face-off versus Tage Thompson in neutral zone.
14:28 of 2nd period - Off-side.
14:29 of 2nd period - Jean-Gabriel Pageau wins face-off versus Tage Thompson in neutral zone.
14:38 of 2nd period - Snap shot by Johnny Gaudreau.
14:38 of 2nd period - Deflect By Rickard Rakell.
14:38 of 2nd period - Shot Misses the Net.
14:38 of 2nd period - Puck is out of play.
14:39 of 2nd period - Tage Thompson wins face-off versus Jean-Gabriel Pageau in Kings zone.
15:01 of 2nd period - Off-side.
15:02 of 2nd period - Brock Nelson wins face-off versus Tomas Hertl in neutral zone.
15:09 of 2nd period - Snap shot by Brock Nelson.
15:09 of 2nd period - Shot Misses the Net.
15:11 of 2nd period - Slapshot by Nick Schmaltz.
15:11 of 2nd period - Shot Blocked by Alex Goligoski.
15:19 of 2nd period - Wrist shot by Frank Vatrano.
15:19 of 2nd period - Shot Misses the Net.
16:12 of 2nd period - Slapshot by Brady Skjei.
16:12 of 2nd period - Shot Misses the Net.
16:46 of 2nd period - Icing by Joel Edmundson.
16:47 of 2nd period - Tomas Hertl wins face-off versus Brock Nelson in Islanders zone.
16:50 of 2nd period - Slapshot by Tomas Hertl.
16:50 of 2nd period - Shot Misses the Net.
16:52 of 2nd period - Wrist shot by Jordan Eberle.
16:52 of 2nd period - Shot Misses the Net.
16:54 of 2nd period - Slapshot by Jonas Brodin.
16:54 of 2nd period - Stopped by Laurent Brossoit with a rebound.
16:56 of 2nd period - Slapshot by Jordan Eberle.
16:56 of 2nd period - Shot Blocked by Alexandre Carrier.
16:58 of 2nd period - Slapshot by Jonas Brodin.
16:58 of 2nd period - Shot Misses the Net.
17:00 of 2nd period - Wrist shot by Jordan Eberle.
17:00 of 2nd period - Stopped by Laurent Brossoit with a rebound.
17:21 of 2nd period - Off-side.
17:22 of 2nd period - Jordan Staal wins face-off versus Tage Thompson in neutral zone.
17:25 of 2nd period - Slapshot by Brent Burns.
17:25 of 2nd period - Shot Misses the Net.
17:35 of 2nd period - Snap shot by Tage Thompson.
17:35 of 2nd period - Stopped by Laurent Brossoit with a rebound.
17:37 of 2nd period - Snap shot by Tage Thompson.
17:37 of 2nd period - Goal by Tage Thompson - Kings : 2 - Islanders : 3.
17:38 of 2nd period - Brock Nelson wins face-off versus Tomas Hertl in neutral zone.
17:43 of 2nd period - Wrist shot by Nick Schmaltz.
17:43 of 2nd period - Shot Misses the Net.
17:45 of 2nd period - Backhand shot by Ian Cole.
17:45 of 2nd period - Shot Misses the Net.
17:47 of 2nd period - Snap shot by Nick Schmaltz.
17:47 of 2nd period - Stopped by Alexandar Georgiev with a rebound.
17:49 of 2nd period - Wrist shot by Brock Nelson.
17:49 of 2nd period - Stopped by Alexandar Georgiev with a rebound.
17:51 of 2nd period - Slapshot by Brock Nelson.
17:51 of 2nd period - Stopped by Alexandar Georgiev with a rebound.
17:53 of 2nd period - Slapshot by Brent Burns.
17:53 of 2nd period - Shot Blocked by Brian Dumoulin.
17:55 of 2nd period - Slapshot by Ian Cole.
17:55 of 2nd period - Stopped by Alexandar Georgiev without a rebound.
17:56 of 2nd period - Jean-Gabriel Pageau wins face-off versus Tage Thompson in Kings zone.
18:27 of 2nd period - Alex Ovechkin is hit by Frank Vatrano and loses puck.
18:32 of 2nd period - Wrist shot by Nick Schmaltz.
18:32 of 2nd period - Shot Hit the Post.
18:34 of 2nd period - Slapshot by Brock Nelson.
18:34 of 2nd period - Shot Misses the Net.
18:36 of 2nd period - Slapshot by Joel Edmundson.
18:36 of 2nd period - Shot Blocked by Jordan Eberle.
18:38 of 2nd period - Snap shot by Nick Schmaltz.
18:38 of 2nd period - Stopped by Alexandar Georgiev with a rebound.
19:04 of 2nd period - Wrist shot by Alex Ovechkin.
19:04 of 2nd period - Deflect By Tomas Hertl.
19:04 of 2nd period - Stopped by Laurent Brossoit with a rebound.
19:06 of 2nd period - Wrist shot by Alex Ovechkin.
19:06 of 2nd period - Stopped by Laurent Brossoit with a rebound.
19:08 of 2nd period - Backhand shot by Jordan Eberle.
19:08 of 2nd period - Goal by Jordan Eberle - Kings : 3 - Islanders : 3.
19:09 of 2nd period - Jean-Gabriel Pageau wins face-off versus Sean Kuraly in neutral zone.
19:24 of 2nd period - Snap shot by Johnny Gaudreau.
19:24 of 2nd period - Shot Blocked by Jonas Brodin.
19:26 of 2nd period - Wrist shot by Johnny Gaudreau.
19:26 of 2nd period - Stopped by Alexandar Georgiev without a rebound.
19:27 of 2nd period - Brock Nelson wins face-off versus Tage Thompson in Kings zone.
19:30 of 2nd period - Snap shot by Brock Nelson.
19:30 of 2nd period - Deflect By Nick Schmaltz.
19:30 of 2nd period - Stopped by Alexandar Georgiev with a rebound.
19:32 of 2nd period - Slapshot by William Borgen.
19:32 of 2nd period - Shot Blocked by Jeff Carter.
19:40 of 2nd period - Snap shot by Nick Schmaltz.
19:40 of 2nd period - Shot Misses the Net.
19:42 of 2nd period - Snap shot by William Borgen.
19:42 of 2nd period - Shot Blocked by Olli Maatta.
19:44 of 2nd period - Slapshot by Brady Skjei.
19:44 of 2nd period - Stopped by Alexandar Georgiev with a rebound.
0:00 of 3rd period - Minor Penalty to Rickard Rakell for Hooking.
Goals for this period are 2 for Kings vs 3 for Islanders.
Shots for this period are 20 for Kings vs 19 for Islanders.

3rd period


0:01 of 3rd period - Jason Dickinson wins face-off versus Tomas Hertl in neutral zone.
0:10 of 3rd period - Jason Dickinson is hit by Tomas Hertl and loses puck.
0:15 of 3rd period - Snap shot by Tomas Hertl.
0:15 of 3rd period - Shot Blocked by William Borgen.
0:17 of 3rd period - Slapshot by Brian Dumoulin.
0:17 of 3rd period - Shot Blocked by William Borgen.
2:00 of 3rd period - Penalty to Rickard Rakell is over, Rickard Rakell is back on ice.
2:32 of 3rd period - Jayson Megna is hit by Rickard Rakell.
3:34 of 3rd period - Anthony Richard is hit by Ian Cole and loses puck.
3:43 of 3rd period - Nick Schmaltz is hit by Carl Grundstrom and loses puck.
4:10 of 3rd period - Jason Zucker is hit by Sean Kuraly and loses puck.
4:23 of 3rd period - Snap shot by Jordan Staal.
4:23 of 3rd period - Stopped by Alexandar Georgiev without a rebound.
4:24 of 3rd period - Jean-Gabriel Pageau wins face-off versus Jordan Eberle in Kings zone.
5:04 of 3rd period - Snap shot by Tage Thompson.
5:04 of 3rd period - Shot Misses the Net.
5:20 of 3rd period - Slapshot by William Borgen.
5:20 of 3rd period - Shot Blocked by Sean Kuraly.
5:56 of 3rd period - Jordan Eberle is hit by Rickard Rakell and loses puck.
6:03 of 3rd period - Slapshot by Trevor van Riemsdyk.
6:03 of 3rd period - Stopped by Laurent Brossoit without a rebound.
6:04 of 3rd period - Brock Nelson wins face-off versus Tage Thompson in Islanders zone.
6:04 of 3rd period - Brock Nelson is hit by Trevor van Riemsdyk.
6:20 of 3rd period - Snap shot by Tage Thompson.
6:20 of 3rd period - Stopped by Laurent Brossoit without a rebound.
6:21 of 3rd period - Tomas Hertl wins face-off versus Jean-Gabriel Pageau in Islanders zone.
7:28 of 3rd period - Off-side.
7:29 of 3rd period - Jason Dickinson wins face-off versus Jayson Megna in neutral zone.
7:56 of 3rd period - Nick Schmaltz is hit by Jordan Eberle and loses puck.
8:22 of 3rd period - Jordan Staal is hit by Olli Maatta and loses puck.
8:29 of 3rd period - Wrist shot by Alex Ovechkin.
8:29 of 3rd period - Stopped by Laurent Brossoit without a rebound.
8:30 of 3rd period - Tage Thompson wins face-off versus Jean-Gabriel Pageau in Islanders zone.
8:35 of 3rd period - Snap shot by Artemi Panarin.
8:35 of 3rd period - Shot Blocked by Brady Skjei.
8:37 of 3rd period - Wrist shot by Tage Thompson.
8:37 of 3rd period - Shot Hit the Post.
8:39 of 3rd period - Wrist shot by Artemi Panarin.
8:39 of 3rd period - Stopped by Laurent Brossoit without a rebound.
8:40 of 3rd period - Jean-Gabriel Pageau wins face-off versus Tage Thompson in Islanders zone.
8:53 of 3rd period - Snap shot by Johnny Gaudreau.
8:53 of 3rd period - Stopped by Alexandar Georgiev without a rebound.
8:54 of 3rd period - Brock Nelson wins face-off versus Tomas Hertl in Kings zone.
8:59 of 3rd period - Slapshot by Brock Nelson.
8:59 of 3rd period - Shot Blocked by Brian Dumoulin.
9:01 of 3rd period - Slapshot by Ian Cole.
9:01 of 3rd period - Shot Misses the Net.
9:03 of 3rd period - Slapshot by Ian Cole.
9:03 of 3rd period - Stopped by Alexandar Georgiev without a rebound.
9:04 of 3rd period - Tomas Hertl wins face-off versus Brock Nelson in Kings zone.
9:47 of 3rd period - Snap shot by Brock Nelson.
9:47 of 3rd period - Shot Blocked by Tomas Hertl.
9:49 of 3rd period - Slapshot by Nick Schmaltz.
9:49 of 3rd period - Stopped by Alexandar Georgiev with a rebound.
9:51 of 3rd period - Wrist shot by Ian Cole.
9:51 of 3rd period - Stopped by Alexandar Georgiev without a rebound.
9:52 of 3rd period - Tage Thompson wins face-off versus Rickard Rakell in Kings zone.
9:57 of 3rd period - Snap shot by Tage Thompson.
9:57 of 3rd period - Shot Blocked by Brady Skjei.
10:03 of 3rd period - Snap shot by Jean-Gabriel Pageau.
10:03 of 3rd period - Deflect By Johnny Gaudreau.
10:03 of 3rd period - Shot Misses the Net.
10:03 of 3rd period - Puck is out of play.
10:04 of 3rd period - Jean-Gabriel Pageau wins face-off versus Artemi Panarin in Kings zone.
10:15 of 3rd period - Johnny Gaudreau is hit by Jeff Carter and loses puck.
11:10 of 3rd period - Off-side.
11:11 of 3rd period - Jason Dickinson wins face-off versus Jayson Megna in neutral zone.
11:22 of 3rd period - Wrist shot by Jesper Fast.
11:22 of 3rd period - Stopped by Alexandar Georgiev without a rebound.
11:23 of 3rd period - Jean-Gabriel Pageau wins face-off versus Tage Thompson in Kings zone.
11:48 of 3rd period - Ian Cole is hit by Jordan Eberle and loses puck.
12:05 of 3rd period - Minor Penalty to Tomas Hertl for High sticking.
12:06 of 3rd period - Sean Kuraly wins face-off versus Jean-Gabriel Pageau in Kings zone.
12:45 of 3rd period - Snap shot by Jayson Megna.
12:45 of 3rd period - Stopped by Laurent Brossoit with a rebound.
13:12 of 3rd period - Snap shot by Nick Schmaltz.
13:12 of 3rd period - Shot Blocked by Olli Maatta.
14:05 of 3rd period - Penalty to Tomas Hertl is over, Tomas Hertl is back on ice.
14:16 of 3rd period - Wrist shot by Brock Nelson.
14:16 of 3rd period - Stopped by Alexandar Georgiev with a rebound.
14:19 of 3rd period - Icing by Olli Maatta.
14:20 of 3rd period - Jean-Gabriel Pageau wins face-off versus Jeff Carter in Kings zone.
14:25 of 3rd period - Wrist shot by Jean-Gabriel Pageau.
14:25 of 3rd period - Stopped by Alexandar Georgiev without a rebound.
14:26 of 3rd period - Jean-Gabriel Pageau wins face-off versus Tomas Hertl in Kings zone.
14:35 of 3rd period - Snap shot by Rickard Rakell.
14:35 of 3rd period - Stopped by Alexandar Georgiev without a rebound.
14:36 of 3rd period - Jean-Gabriel Pageau wins face-off versus Tomas Hertl in Kings zone.
15:38 of 3rd period - Wrist shot by Johnny Gaudreau.
15:38 of 3rd period - Deflect By Rickard Rakell.
15:38 of 3rd period - Stopped by Alexandar Georgiev with a rebound.
16:07 of 3rd period - Icing by Tomas Hertl.
16:08 of 3rd period - Jordan Staal wins face-off versus Tomas Hertl in Kings zone.
16:11 of 3rd period - Snap shot by Jordan Staal.
16:11 of 3rd period - Shot Misses the Net.
16:41 of 3rd period - Wrist shot by Christian Fischer.
16:41 of 3rd period - Shot Blocked by Morgan Barron.
16:43 of 3rd period - Slapshot by Jonas Brodin.
16:43 of 3rd period - Stopped by Laurent Brossoit without a rebound.
16:44 of 3rd period - Jason Dickinson wins face-off versus Sean Kuraly in Islanders zone.
16:44 of 3rd period - Jason Dickinson is hit by Sean Kuraly.
18:11 of 3rd period - Joel Edmundson is hit by Alex Goligoski and loses puck.
18:57 of 3rd period - Johnny Gaudreau is hit by Joshua Brown and loses puck.
19:10 of 3rd period - Carl Grundstrom is hit by Alexandre Carrier and loses puck.
19:40 of 3rd period - Jesper Fast is hit by Tomas Hertl and loses puck.
19:59 of 3rd period - Frank Vatrano is hit by Brian Dumoulin and loses puck.
Goals for this period are 0 for Kings vs 0 for Islanders.
Shots for this period are 6 for Kings vs 10 for Islanders.

Overtime #1


0:01 of 1st overtime period - Alex Ovechkin wins face-off versus Brock Nelson in neutral zone.
0:12 of 1st overtime period - Wrist shot by Alex Ovechkin.
0:12 of 1st overtime period - Shot Misses the Net.
0:27 of 1st overtime period - Off-side.
0:28 of 1st overtime period - Jean-Gabriel Pageau wins face-off versus Tomas Hertl in neutral zone.
0:40 of 1st overtime period - Snap shot by Nick Schmaltz.
0:40 of 1st overtime period - Stopped by Alexandar Georgiev without a rebound.
0:41 of 1st overtime period - Alex Ovechkin wins face-off versus Brock Nelson in Kings zone.
1:08 of 1st overtime period - Brent Burns is hit by Tomas Hertl and loses puck.
2:08 of 1st overtime period - Snap shot by Jeff Carter.
2:08 of 1st overtime period - Shot Blocked by Brent Burns.
3:35 of 1st overtime period - Brent Burns is hit by Alex Goligoski and loses puck.
3:42 of 1st overtime period - Snap shot by Jason Dickinson.
3:42 of 1st overtime period - Stopped by Alexandar Georgiev with a rebound.
4:04 of 1st overtime period - Slapshot by Artemi Panarin.
4:04 of 1st overtime period - Stopped by Laurent Brossoit with a rebound.
4:06 of 1st overtime period - Snap shot by Tomas Hertl.
4:06 of 1st overtime period - Shot Misses the Net.
4:08 of 1st overtime period - Wrist shot by Carl Grundstrom.
4:08 of 1st overtime period - Stopped by Laurent Brossoit with a rebound.
Goals for this period are 0 for Kings vs 0 for Islanders.
Shots for this period are 2 for Kings vs 2 for Islanders.

ShootOut


5:00 of 1st overtime period - Round #1.
5:00 of 1st overtime period - Kings, Tage Thompson.
5:00 of 1st overtime period - Backhand shot by Tage Thompson.
5:00 of 1st overtime period - Stopped by Laurent Brossoit.
5:00 of 1st overtime period - Islanders, James van Riemsdyk.
5:00 of 1st overtime period - Backhand shot by James van Riemsdyk.
5:00 of 1st overtime period - Goal by James van Riemsdyk.
5:00 of 1st overtime period - Round #2.
5:00 of 1st overtime period - Kings, Jeff Carter.
5:00 of 1st overtime period - Snap shot by Jeff Carter.
5:00 of 1st overtime period - Goal by Jeff Carter.
5:00 of 1st overtime period - Islanders, Frank Vatrano.
5:00 of 1st overtime period - Deke by Frank Vatrano.
5:00 of 1st overtime period - Goal by Frank Vatrano.
5:00 of 1st overtime period - Round #3.
5:00 of 1st overtime period - Kings, Tomas Hertl.
5:00 of 1st overtime period - Wrist shot by Tomas Hertl.
5:00 of 1st overtime period - Shot Misses the Net.




Output by the SimonT Hockey Simulator (STHS) for Eric Tremblay - Original Page W3C HTML5 Valid
Hockey Simulator - Hockey Simulation - Hockey Manager